 Dungeon Crawl Stone Soup version 0.31-a0-876-gfe8ebadbca (webtiles) character file.

Game seed: 13670357987117399939

150482 Armakuni the Slicer (level 18, 0/189 (208) HPs)
             Began as a Human Wanderer on Oct 13, 2023.
             Was a High Priest of Dithmenos.
             Succumbed to Aizul's bolt of poison
             ... on level 2 of the Snake Pit.
             The game lasted 02:21:28 (36295 turns).

Armakuni the Slicer (Human Wanderer)               Turns: 36295, Time: 02:21:28

HP:   0/189 (208)   AC: 29    Str: 11    XL:     18   Next: 16%
MP:   27/27         EV:  2    Int: 21    God:    Dithmenos [*****.]
Gold: 1708          SH:  6    Dex: 16    Spells: 13/27 levels left

rFire   . . .        a - +9 rapier of the Warrior {flame, rC+ Will+ Dex+2}
rCold   + . .        I - +0 buckler
rNeg    . . .        B - melded +4 skin of Zhor {*Englaciate rC+++ SInv}
rPois   +            d - melded +1 helmet
rElec   .            (cloak currently unavailable)
rCorr   .            y - melded +0 pair of gloves
SInv    .            f - melded +2 pair of boots of Ameym {*Slow Dex+5}
Will    +++..        (no amulet)
Stlth   +++++++++    W - ring of willpower
HPRegen 0.51/turn    P - ring of poison resistance
MPRegen 0.20/turn

%: no passive effects
@: lethally poisoned (0 -> -15), confusing by touch, tree-form, hasted, wreathed
by umbra, drained, very quick
A: stationary, stasis, torment immunity, boosted hp
a: Renounce Religion, Shadow Step, Shadow Form


You were on level 2 of the Snake Pit.
You worshipped Dithmenos.
Dithmenos was extremely pleased with you.
You were a tree.
You visited 4 branches of the dungeon, and saw 26 of its levels.
You also visited: Ossuary and Ice Cave.

You collected 2703 gold pieces.
You spent 995 gold pieces at shops.

Inventory:

Hand Weapons
 a - the +9 rapier of the Warrior (weapon) {flame, rC+ Will+ Dex+2}
   (You found it on level 8 of the Dungeon)

   Dex+2:     It affects your dexterity (+2).
   rC+:       It protects you from cold.
   Will+:     It increases your willpower.
 b - the +10 short sword "Odiyrich" {freeze, rN+ Int+4 Stlth+}
   (You found it on level 4 of the Dungeon)

   Int+4:     It affects your intelligence (+4).
   rN+:       It protects you from negative energy.
   Stlth+:    It makes you more stealthy.
Armour
 d - a +1 helmet (melded)
 f - the +2 pair of boots of Ameym (melded) {*Slow Dex+5}
   (You bought it in a shop on level 7 of the Dungeon)

   Dex+5:     It affects your dexterity (+5).
   *Slow:     It may slow you when you take damage.
 y - a +0 pair of gloves (melded)
 B - the +4 skin of Zhor (melded) {*Englaciate rC+++ SInv}
   (You found it on level 3 of the Lair of Beasts)

   *Englaciate: It radiates cold, occasionally slowing all nearby creatures who
   are not resistant to cold.
   rC+++:     It renders you almost immune to cold.
   SInv:      It lets you see invisible.
 I - a +0 buckler (worn)
Magical Staves
 q - a staff of conjuration
Jewellery
 e - a +5 ring of evasion
 D - a +6 ring of dexterity
 K - a ring of resist corrosion
 L - a ring of flight
 P - a ring of poison resistance (right branch)
 W - a ring of willpower (left branch)
Wands
 c - a wand of charming (13)
 k - a wand of digging (6)
 p - a wand of polymorph (1)
 v - a wand of flame (23)
 N - a wand of mindburst (7)
Scrolls
 j - 4 scrolls of fog
 o - 4 scrolls of amnesia
 r - 3 scrolls of enchant weapon
 u - 3 scrolls of immolation
 w - 9 scrolls of noise
 x - a scroll of revelation
 A - 4 scrolls of enchant armour
 C - a scroll of poison
 F - 5 scrolls of vulnerability
 G - 8 scrolls of identify
 X - 2 scrolls of brand weapon
Potions
 g - 5 potions of lignification
 l - 2 potions of curing
 n - 6 potions of mutation
 s - 3 potions of resistance
 z - 3 potions of magic
 E - 2 potions of cancellation
 H - a potion of ambrosia
 J - a potion of invisibility
 M - 2 potions of enlightenment


   Skills:
 - Level 11.6 Fighting
 - Level 14.0 Short Blades
 - Level 4.0 Throwing
 - Level 6.0 Armour
 - Level 10.0 Dodging
 + Level 13.5 Stealth
 - Level 6.0 Shields
 - Level 5.0 Spellcasting
 - Level 6.0 Conjurations
 - Level 10.0 Hexes
 - Level 3.0 Translocations
 - Level 4.0 Transmutations
 - Level 3.0 Ice Magic
 - Level 3.0 Air Magic
 - Level 3.0 Earth Magic
 - Level 3.0 Poison Magic
 - Level 12.0 Invocations
 - Level 5.0 Evocations


You had 13 spell levels left.
You knew the following spells:

 Your Spells              Type           Power      Damage    Failure   Level
c - Confusing Touch       Hex            47%        N/A       1%          3
d - Dazzling Flash        Conj/Hex       76%        N/A       1%          3
e - Ensorcelled Hibernat  Hex/Ice        64%        N/A       1%          2
m - Mephitic Cloud        Conj/Pois/Air  22%        N/A       9%          3
w - Passwall              Tmut/Erth      15%        N/A       5%          2
z - Apportation           Tloc           34%        N/A       4%          1

Your spell library contained the following spells:

 Spells                   Type           Power      Damage    Failure   Level
 Magic Dart               Conj           100%       1d8       1%          1
 Slow                     Hex            100%       N/A       1%          1
 Sigil of Binding         Hex            47%        N/A       1%          3
 Sting                    Tmut/Pois      76%        1d6       3%          1
 Momentum Strike          Conj/Tloc      48%        3d9       3%          2
 Static Discharge         Conj/Air       48%        2-4/arc   3%          2
 Wereblood                Tmut           22%        N/A       4%          2
 Lesser Beckoning         Tloc           34%        N/A       6%          2
 Hailstorm                Conj/Ice       24%        3d7       7%          3
 Gell's Gravitas          Tloc           17%        N/A       13%         3
 Swiftness                Air            17%        N/A       13%         3
 Teleport Other           Tloc           17%        N/A       13%         3
 Necrotise                Necr           20%        1d5       14%         1
 Summon Small Mammal      Summ           20%        N/A       14%         1
 Ignite Poison            Fire/Tmut/Pois 15%        N/A       17%         3
 Call Imp                 Summ           10%        N/A       22%         2
 Volatile Blastmotes      Fire/Tloc      22%        2d11      24%         3
 Iskenderun's Battlesphe  Conj           30%        2d8       34%         5
 Airstrike                Air            8%         2d(2-18)  38%         4
 Vampiric Draining        Necr           5%         2d6       41%         3
 Summon Mana Viper        Hex/Summ       26%        N/A       45%         5
 Summon Ice Beast         Ice/Summ       11%        N/A       61%         4
 Summon Lightning Spire   Summ/Air       11%        N/A       61%         4
 Animate Dead             Necr           5%         N/A       82%         4
 Agony                    Necr           5%         N/A       99%         5
 Simulacrum               Ice/Necr       5%         N/A       100%        6
 Starburst                Conj/Fire      8%         6d4       100%        6
 Haunt                    Necr/Summ      2%         N/A       100%        7
 Monstrous Menagerie      Summ           2%         N/A       100%        7
 Infestation              Necr           2%         N/A       100%        8
 Maxwell's Capacitive Co  Air            8%         ∞         100%        8


Dungeon Overview and Level Annotations

Branches:
Dungeon (15/15)            Temple (0/1) D:6            Lair (5/5) D:9
 Shoals (0/4) Lair:2        Snake (4/4) Lair:2        Slime (0/5) Lair:4
    Orc (2/2) D:12            Elf (0/3) Orc:2        Vaults (0/5) D:14
 Depths (0/4) D:15        Ossuary (visited)           IceCv (visited)

Altars:
Dithmenos
Elyvilon
Fedhas
Gozag
Makhleb
Nemelex Xobeh
Qazlal
Ru
Trog
Uskayaw
Vehumet
Wu Jian
Zin
The Shining One
Jiyva

Shops:
D:7 *   D:14 :   Orc:1 (   Orc:2 !([

Annotations:
Lair:3 1 runed translucent door, exclusion: door, Nammoc's ghost, journeyman GnWn
Lair:4 exclusion: oklob plant
Snake:2 1 runed translucent door, Aizul; Ofax's ghost, adept VSFi
Snake:3 Vashnia
Snake:4 Donald
Orc:1 Gazaiw's ghost, journeyman MiBe


Message History

Aizul is lightly wounded.
You feel sick. Aizul hits you.
* * * LOW HITPOINT WARNING * * *
You barely miss Aizul.
Aizul is lightly wounded.
Your shadow hits Aizul with a rapier. You hit Aizul but do no damage.
Aizul is lightly wounded.
You feel sick. Aizul hits you but does no damage.
You miss Aizul.
Aizul is lightly wounded.
Aizul hits you.
* * * LOW HITPOINT WARNING * * *
You miss Aizul.
Aizul is lightly wounded.
You feel sick.
You hit Aizul but do no damage.
Aizul is lightly wounded.
Aizul casts a spell at you.
The bolt of poison hits you but does no damage.
You are lethally poisoned!
You resist.
You miss Aizul.
Aizul is lightly wounded.
* * * LOW HITPOINT WARNING * * *
You feel sick.
You closely miss Aizul.
Aizul is lightly wounded.
* * * LOW HITPOINT WARNING * * *
You feel sick.
Aizul hisses menacingly.
Aizul coils herself and waves her upper body at you.
The bolt of poison hits you. You resist.
* * * LOW HITPOINT WARNING * * *
You hit Aizul but do no damage. Your shadow hits Aizul with a rapier.
* * * LOW HITPOINT WARNING * * *
You feel sick.
You hit Aizul but do no damage.
Aizul is lightly wounded.
You die...

#............
####...#........
#...#.##........
#.....N......#..
#...S...........
#..###.##.####### ###
##....## ##..##..## .
###....S♣..## .#
#...........# #.#
#......)....###..##§§N#
#.#....)...##...# #§N§#
#.#..>.....#..######+##
#............##......(##.
#............##.......##.
###........#.#........##.
##..##..##....###...##.


You could see Aizul.

Vanquished Creatures
  Mara (Snake:4)
  Rupert (D:12)
  A nagaraja (Snake:3)
  A frost giant (IceCv)
  An orc warlord (Orc:2)
  An ironbound preserver (D:14)
  Fannar (Lair:1)
  A fire dragon (D:12)
  Harold (D:10)
  A salamander tyrant (Snake:4)
  A spriggan zombie (D:15)
  5 hydras
  5 centaur warriors
  An anaconda (Snake:3)
  4 catoblepae
  An alligator (Lair:5)
  4 two-headed ogres
  7 boulder beetles
  6 naga warriors
  A tengu warrior (D:14)
  Urug (Lair:5)
  19 death yaks
  6 shock serpents
  4 orc high priests (Orc:2)
  3 naga sharpshooters
  Amaemon (Lair:1)
  7 skeletal warriors
  2 salamander mystics (Snake:4)
  A skyshark (Lair:4)
  2 sea snakes (Snake:4)
  Lodul (D:10)
  A golden dragon zombie (D:15)
  A glowing orange brain (D:14)
  A phantasmal warrior (D:15)
  3 naga ritualists
  A wizard (D:15)
  A necromancer (D:15)
  2 orc sorcerers (Orc:2)
  An orc knight (Orc:1)
  6 deep elf pyromancers
  A frost giant zombie (D:15)
  9 cyclopes
  7 mana vipers
  10 ugly things
  9 salamanders
  5 manticores
  5 guardian serpents
  A stone giant skeleton (D:15)
  16 elephants
  27 black mambas
  6 naga magi
  Maggie (D:7)
  13 cane toads
  14 rime drakes
  An orange demon (Lair:1)
  7 komodo dragons
  An unseen horror (D:12)
  Jeremiah (Lair:1)
  An efreet (D:14)
  2 torpor snails
  A kobold demonologist (D:13)
  6 trolls
  A hornet (D:9)
  17 polar bears
  4 meliai
  A troll (shapeshifter) (D:14)
  11 blink frogs
  A tarantella (shapeshifter) (D:13)
  4 dream sheep
  12 slime creatures
  Sigmund (D:3)
  A centaur simulacrum (D:15)
  3 shadows
  8 wyverns
  53 yaks
  3 basilisks
  2 vampire mosquitoes (D:11)
  7 wargs
  Grum (D:8)
  2 steam dragons
  Menkaure (D:7)
  19 nagas
  15 hell hounds (Lair:5)
  2 acid dragons
  11 water moccasins
  23 orc warriors
  2 ice beasts
  15 black bears
  38 wolves
  17 ogres
  14 centaurs
  13 bullfrogs
  3 gnoll sergeants
  A kobold brigand (D:9)
  3 scorpions
  7 wights (D:8)
  3 killer bees (D:10)
  2 jellies (D:7)
  8 howler monkeys
  A centaur zombie (Ossuary)
  32 orc priests
  3 sleepcaps
  2 hounds (D:5)
  6 iguanas
  31 orc wizards
  A statue (D:7)
  4 mummies (Ossuary)
  14 gnolls
  5 adders
  A shadow imp (D:8)
  2 white imps
  A worm (D:2)
  4 dart slugs
  76 orcs
  8 ball pythons
  7 endoplasms
  2 giant cockroaches
  A gnoll zombie (Ossuary)
  6 goblins
  7 hobgoblins
  4 jackals (D:1)
  8 kobolds
  3 quokkas
  4 bats
  3 frilled lizards
  2 goblin zombies (Ossuary)
  A hobgoblin zombie (Ossuary)
  3 kobold zombies (Ossuary)
  7 rats
831 creatures vanquished.

Vanquished Creatures (others)
  2 anacondas
  A cane toad (Lair:5)
3 creatures vanquished.

Grand Total: 834 creatures vanquished

Notes
Turn   | Place    | Note
-------+----------+-------------------------------------------
     0 | D:1      | Armakuni the Human Wanderer began the quest for the Orb.
     0 | D:1      | Armakuni set off with the following items: a +0 dagger, a
                  | potion of curing, a +0 robe, a +0 helmet; and the following
                  | spell memorised: Sting; and the following spells available
                  | to memorise: Wereblood, Ignite Poison, Mephitic Cloud.
     0 | D:1      | Reached XP level 1. HP: 15/15 MP: 2/2
   147 | D:1      | Reached XP level 2. HP: 20/22 MP: 3/3
   564 | D:1      | Reached XP level 3. HP: 28/28 MP: 2/4
  1752 | D:2      | Found a hide-covered altar of Uskayaw.
  1756 | D:2      | Learned a level 2 spell: Wereblood
  1902 | D:3      | Reached skill level 1 in Armour
  1923 | D:3      | Reached skill level 1 in Dodging
  1923 | D:3      | Reached XP level 4. HP: 32/35 MP: 3/5
  1992 | D:3      | Found a faded altar of an unknown god.
  2000 | D:3      | Prayed at the altar of an unknown god.
  2000 | D:3      | Became a worshipper of Dithmenos the Shadowed
  2000 | D:3      | Reached * piety under Dithmenos
  2046 | D:3      | Noticed Sigmund
  2068 | D:3      | Killed Sigmund
  2069 | D:3      | Reached skill level 4 in Short Blades
  2069 | D:3      | Reached XP level 5. HP: 38/41 MP: 0/6
  2069 | D:3      | Reached XP level 6. HP: 43/47 MP: 0/7
  2130 | D:3      | Found a burning altar of Makhleb.
  2259 | D:3      | Identified the +3 dagger of the Enfolding Shrike {spect,
                  | *Slow rElec Stlth+}
  2717 | D:4      | Identified the +10 short sword "Odiyrich" {freeze, rN+
                  | Int+4 Stlth+}
  3057 | D:4      | Reached ** piety under Dithmenos
  3150 | D:4      | Learned a level 3 spell: Mephitic Cloud
  3282 | D:4      | Noticed an ogre
  3290 | D:4      | Killed an ogre
  3291 | D:4      | Reached skill level 5 in Short Blades
  3291 | D:4      | Reached XP level 7. HP: 50/52 MP: 6/8
  3516 | D:5      | Entered Level 5 of the Dungeon
  3749 | D:5      | Found an opulent altar of Gozag.
  3791 | D:5      | Reached skill level 6 in Short Blades
  3815 | D:5      | Found a sand-covered staircase.
  3822 | Ossuary  | Entered an ossuary
  3973 | Ossuary  | Reached XP level 8. HP: 58/58 MP: 9/9
  4253 | D:5      | Reached skill level 5 in Stealth
  4615 | D:6      | Reached skill level 7 in Short Blades
  4725 | D:6      | Reached *** piety under Dithmenos
  4884 | D:6      | Found a glowing silver altar of Zin.
  4918 | D:6      | Reached XP level 9. HP: 63/63 MP: 10/10
  5090 | D:6      | Found a staircase to the Ecumenical Temple.
  5144 | D:6      | Reached skill level 1 in Conjurations
  5144 | D:6      | Reached skill level 1 in Air Magic
  5632 | D:7      | Noticed Menkaure
  5639 | D:7      | Killed Menkaure
  5645 | D:7      | Found a glowing golden altar of the Shining One.
  5740 | D:7      | You fall into a shaft and drop 1 floor!
  5998 | D:8      | Reached skill level 5 in Invocations
  6228 | D:8      | Reached skill level 8 in Short Blades
  6228 | D:8      | Reached XP level 10. HP: 52/70 MP: 7/13
  6592 | D:8      | Found a sacrificial altar of Ru.
  6672 | D:7      | Found a radiant altar of Vehumet.
  6748 | D:7      | Found Reppian's Assorted Antiques.
  6754 | D:7      | Bought a pair of pitted boots for 304 gold pieces
  6754 | D:7      | Identified the +2 pair of boots of Ameym {*Slow Dex+5} (You
                  | bought it in a shop on level 7 of the Dungeon)
  6897 | D:7      | Noticed Maggie
  6908 | D:7      | Killed Maggie
  6909 | D:7      | Reached skill level 9 in Short Blades
  7280 | D:8      | Found a sparkling altar of Nemelex Xobeh.
  7416 | D:8      | Noticed Grum
  7418 | D:8      | Identified the +9 rapier of the Warrior {flame, rC+ Will+
                  | Dex+2}
  7489 | D:8      | Killed Grum
  7998 | D:9      | Found a staircase to the Lair.
  8007 | Lair:1   | Entered Level 1 of the Lair of Beasts
  8372 | D:9      | Paralysed by a hornet for 1 turns
  8788 | D:9      | Reached skill level 10 in Short Blades
  8799 | D:8      | Reached XP level 11. HP: 47/75 MP: 0/14
  8977 | D:9      | Reached skill level 10 in Stealth
  9221 | D:9      | Reached skill level 11 in Short Blades
  9299 | D:9      | Reached **** piety under Dithmenos
  9433 | D:9      | Found a shadowy altar of Dithmenos.
  9446 | D:9      | Found an ornate altar of the Wu Jian Council.
  9448 | D:9      | Found a white marble altar of Elyvilon.
  9449 | D:9      | Found a stormy altar of Qazlal.
  9499 | D:9      | Reached skill level 12 in Short Blades
  9786 | D:9      | Found a blossoming altar of Fedhas.
  9963 | D:10     | Entered Level 10 of the Dungeon
  9996 | Lair:1   | Noticed Jeremiah
 10007 | Lair:1   | Noticed Amaemon
 10045 | Lair:1   | Killed Amaemon
 10295 | Lair:1   | Identified the +2 trident of Dithmenos's Hope {drain, Fly
                  | rPois rF+++ Int-2}
 10303 | Lair:1   | Reached skill level 13 in Short Blades
 10315 | Lair:1   | Killed Jeremiah
 10380 | Lair:1   | Reached XP level 12. HP: 71/81 MP: 12/15
 10678 | Lair:1   | Noticed a boulder beetle
 10686 | Lair:1   | Reached skill level 14 in Short Blades
 10699 | Lair:1   | Killed a boulder beetle
 10722 | Lair:1   | Reached skill level 5 in Fighting
 11364 | Lair:1   | Noticed Fannar
 11372 | Lair:1   | Killed Fannar
 11373 | Lair:1   | Reached skill level 5 in Dodging
 11695 | Lair:1   | You fall into a shaft and drop 1 floor!
 12031 | Lair:2   | Found a staircase to the Snake Pit.
 12308 | Lair:2   | Reached XP level 13. HP: 63/91 MP: 12/16
 12844 | Lair:2   | Found a staircase to the Shoals.
 13533 | Lair:3   | Found a runed translucent door.
 13535 | Lair:3   | Noticed Nammoc's ghost (journeyman GnWn)
 13536 | Lair:3   | Identified the +6 spear of Vualarr {pain, Fragile rElec
                  | Dex+4 Stlth+}
 13545 | Lair:3   | Noticed a five-headed hydra
 13842 | Lair:3   | Reached skill level 10 in Fighting
 13850 | Lair:3   | Killed a five-headed hydra
 14211 | Lair:3   | Found the +4 skin of Zhor {*Englaciate rC+++ SInv}
 14842 | Lair:4   | Found a viscous altar of Jiyva.
 14848 | Lair:4   | Found a staircase to the Slime Pits.
 14894 | Lair:4   | Noticed a six-headed hydra
 14903 | Lair:4   | Killed a six-headed hydra
 14954 | Lair:4   | Found a frozen archway.
 14965 | IceCv    | Entered an ice cave
 15015 | IceCv    | Reached XP level 14. HP: 110/110 MP: 13/17
 15260 | IceCv    | Noticed a frost giant
 15307 | IceCv    | Killed a frost giant
 15501 | IceCv    | Reached skill level 10 in Dodging
 16669 | Lair:5   | Entered Level 5 of the Lair of Beasts
 16775 | Lair:5   | Reached skill level 5 in Armour
 17150 | Lair:5   | Noticed Urug
 17157 | Lair:5   | Killed Urug
 17189 | Lair:4   | Learned a level 2 spell: Passwall
 17191 | Lair:4   | Learned a level 1 spell: Apportation
 17480 | Lair:5   | Learned a level 2 spell: Ensorcelled Hibernation
 17558 | Lair:5   | Reached skill level 1 in Translocations
 17558 | Lair:5   | Reached skill level 1 in Ice Magic
 17563 | Lair:5   | Reached skill level 1 in Hexes
 18218 | Lair:5   | Reached XP level 15. HP: 101/115 MP: 7/19
 18221 | Lair:5   | Reached ***** piety under Dithmenos
 18230 | Lair:5   | Reached skill level 1 in Evocations
 18738 | Lair:5   | Reached skill level 5 in Spellcasting
 18771 | Lair:5   | Reached skill level 5 in Evocations
 20267 | D:10     | Noticed Harold
 20286 | D:10     | Killed Harold
 20881 | D:10     | Noticed Lodul
 20896 | D:10     | Killed Lodul
 21494 | D:11     | Reached skill level 1 in Throwing
 22434 | D:12     | Reached XP level 16. HP: 67/125 MP: 19/23
 23481 | D:12     | Noticed Rupert
 23493 | D:12     | Killed Rupert
 23515 | D:12     | Reached skill level 10 in Invocations
 23569 | D:12     | Found a staircase to the Orcish Mines.
 23682 | D:12     | Reached skill level 1 in Earth Magic
 23915 | Orc:1    | Entered Level 1 of the Orcish Mines
 23918 | Orc:1    | Found a transporter.
 23921 | Orc:1    | Found a bloodstained altar of Trog.
 23929 | Orc:1    | Noticed Gazaiw's ghost (journeyman MiBe)
 23942 | Orc:1    | Found a transporter.
 24128 | Orc:2    | Entered Level 2 of the Orcish Mines
 24337 | Orc:1    | Reached ****** piety under Dithmenos
 24375 | Orc:1    | Found Roxezxat's Antique Weapon Emporium.
 24573 | Orc:2    | Found a staircase to the Elven Halls.
 25026 | Orc:2    | Found Ytesez's Armour Shoppe.
 25026 | Orc:2    | Found Jackoj's Antique Weapon Shoppe.
 25035 | Orc:2    | Found Doeqip's Distillery.
 25160 | Orc:2    | Found Suzakimi's Jewellery Emporium.
 25163 | Orc:2    | Bought a +0 buckler for 67 gold pieces
 25170 | Orc:2    | Bought 2 potions of heal wounds for 160 gold pieces
 25170 | Orc:2    | Bought a potion of heal wounds for 80 gold pieces
 25170 | Orc:2    | Bought a potion of invisibility for 128 gold pieces
 25170 | Orc:2    | Bought a potion of invisibility for 128 gold pieces
 25170 | Orc:2    | Bought a potion of cancellation for 128 gold pieces
 25473 | Orc:2    | Reached skill level 1 in Shields
 26562 | D:13     | Reached skill level 5 in Shields
 26576 | D:13     | Learned a level 3 spell: Dazzling Flash
 27087 | D:14     | Found a gate to the Vaults.
 27330 | D:14     | Found Eczunuw's Vocational Training.
 27453 | D:14     | Reached skill level 5 in Conjurations
 27852 | D:14     | Learned a level 3 spell: Confusing Touch
 28013 | D:14     | Reached XP level 17. HP: 133/133 MP: 24/24
 28167 | D:15     | Entered Level 15 of the Dungeon
 29220 | D:15     | Reached skill level 5 in Hexes
 29330 | D:15     | Found a staircase to the Depths.
 30330 | Snake:1  | Entered Level 1 of the Snake Pit
 31709 | Snake:1  | Identified the +3 chain mail "Onyv Cidd" {Dex+3}
 32403 | Snake:2  | Noticed Aizul
 32716 | Snake:3  | Got a levitating book
 33145 | Snake:3  | Noticed Vashnia
 33509 | Snake:3  | Reached skill level 10 in Hexes
 33575 | Snake:4  | Entered Level 4 of the Snake Pit
 33575 | Snake:4  | Noticed Mara
 33576 | Snake:4  | Killed Mara
 33915 | Snake:4  | Noticed Donald
 34211 | Snake:2  | Found a runed translucent door.
 34491 | Snake:2  | Reached XP level 18. HP: 102/116 MP: 23/27
 34625 | Snake:2  | Noticed Ofax's ghost (adept VSFi)
 36293 | Snake:2  | HP: 8/189 [poisoned by Aizul (bolt of poison)]
 36293 | Snake:2  | HP: 2/189 [Aizul/bolt of poison (6)]
 36295 | Snake:2  | Succumbed to Aizul's bolt of poison

Illustrated notes

Levels and vault maps discovered:
D:1:      minmay_arrival_nine_rooms, layout_basic
D:2:      layout_loops_ring, basic_altar, guppyfry_early_lair_pool
D:3:      layout_basic, mainiacjoe_overflow_surrounded_room,
          hellmonk_ecumenical_altar_prayer_group, uniq_sigmund
D:4:      layout_loops_cross, minivault_4, mrwooster_statue_mirror
D:5:      layout_cave_pools, kennysheep_little_box, portal_sewer_entry_b,
          enter_ossuary_5
D:6:      layout_loops_ring, mainiacjoe_overflow_concentric_impassable,
          temple_fountains
D:7:      layout_gridville, tso_oasis_becter, vehumet_statue, enter_bailey_2,
          serial_shops, nicolae_shop_tiny_statue_garden, uniq_menkaure,
          uniq_maggie
D:8:      layout_loops_corners, nicolae_ru_the_path_less_chosen,
          nemelex_xobeh_ov_fountains_minmay, uniq_grum
D:9:      layout_basic, grunt_dithmenos_shadows,
          nicolae_overflow_quartered_altars, due_lair_maze_entry_diamond,
          hangedman_abyss_or_decor_passed, kennysheep_nub
D:10:     minmay_ornate_pinched, layout_long_grid, uniq_lodul, uniq_harold
D:11:     layout_cave_pools
D:12:     layout_grid_maze, hiddenorc1_lemuel, uniq_rupert
D:13:     layout_long_grid
D:14:     layout_roguey, hellmonk_vaults_order_and_chaos,
          nicolae_shop_vocational
D:15:     gammafunk_depths_entry_grave, layout_basic, serial_bayou_pond_c,
          serial_rivers, chequers_serial_rivers_small_3,
          chequers_serial_rivers_small_b, chequers_serial_rivers_micro_e,
          chequers_serial_rivers_marsh, chequers_serial_rivers_micro_b,
          chequers_serial_rivers_large_b
Lair:1:   layout_layer_cave, grunt_megastairs_4, uniq_fannar, uniq_jeremiah,
          uniq_amaemon
Lair:2:   nzn_winding_woodlands_cross [nzn_winding_woodlands_5x15_split_checker,
          nzn_winding_woodlands_5x15_jagged,
          nzn_winding_woodlands_5x15_sawtooth,
          nzn_winding_woodlands_5x15_pockets,
          nzn_winding_woodlands_15x15_thick_spiral], layout_regular_city,
          elwin_shoals_entry_rocks, minmay_snake_entry_guardpost_small
Lair:3:   layout_cave_shapes, ebering_ghost_funeral_grove,
          hellmonk_guarded_unrand_zhor
Lair:4:   layout_loops_ring, minmay_slime_entry_oklob_enclosed,
          portal_ice_cave_rime, minivault_27, minivault_23, lemuel_fruit_tree,
          infiniplex_staircase_pool
Lair:5:   hangedman_lair_in_review, layout_long_grid,
          hangedman_lair_caniforms_friends, serial_bayou_shore_a, uniq_urug
Snake:1:  layout_misc_corridors
Snake:2:  layout_misc_corridors, special_room, ebering_ghost_inner_flame,
          st_stairs_5, uniq_aizul
Snake:3:  layout_grid_shapes, drop_trap, nrook_guardian_serpent_double,
          uniq_vashnia
Snake:4:  grunt_snake_rune_spirals, layout_onion_interference, basic_altar,
          nicolae_custom_books, serial_bayou_lagoon_a, uniq_mara, uniq_donald
Orc:1:    layout_diamond_mine, serial_shops, nicolae_shop_trees,
          gammafunk_ghost_wrathful_warriors
Orc:2:    st_orc_mages, layout_caves

Skill      XL: |  1  2  3  4  5  6  7  8  9 10 11 12 13 14 15 16 17 18 |
---------------+-------------------------------------------------------+-----
Fighting       | 2 3 5 10 11 | 11.6
Armour         | 1 6 |  6.0
Dodging        | 1 5 8 10 | 10.0
Short Blades   | 4 5 6 7 8 10 13 14 | 14.0
Stealth        | 4 6 7 9 10 12 13 | 13.5
Conjurations   | 3 6 |  6.0
Air Magic      | 3 |  3.0
Spellcasting   | 2 3 5 |  5.0
Poison Magic   | 3 |  3.0
Invocations    | 5 8 10 12 | 12.0
Translocations | 3 |  3.0
Ice Magic      | 3 |  3.0
Hexes          | 3 10 | 10.0
Evocations     | 5 |  5.0
Throwing       | 4 |  4.0
Earth Magic    | 3 |  3.0
Shields        | 6 |  6.0
Transmutations | |  4.0

Action                     |  1- 3 |  4- 6 |  7- 9 | 10-12 | 13-15 | 16-18 || total
---------------------------+-------+-------+-------+-------+-------+-------++-------
  Melee: Dagger            |   102 |    53 |       |       |       |       ||   155
         Punch             |     2 |     1 |     2 |     6 |    16 |     3 ||    30
         Short sword       |       |    34 |   202 |    42 |       |    15 ||   293
         Rapier            |       |       |       |   289 |   895 |  1205 ||  2389
  Throw: Throwing net      |       |       |       |     4 |     6 |     8 ||    18
   Cast: Sting             |    26 |     6 |     2 |       |       |       ||    34
         Mephitic Cloud    |       |       |     4 |    42 |    97 |    57 ||   200
         Ensorcelled Hiber |       |       |       |       |     4 |    17 ||    21
         Apportation       |       |       |       |       |       |    14 ||    14
         Passwall          |       |       |       |       |       |    12 ||    12
         Dazzling Flash    |       |       |       |       |       |     2 ||     2
         Confusing Touch   |       |       |       |       |       |    62 ||    62
 Invoke: Shadow Step       |       |       |     1 |    12 |     7 |     5 ||    25
         Shadow Form       |       |       |       |       |       |     3 ||     3
Ability: End Transformatio |       |       |       |       |       |     1 ||     1
  Evoke: Wand              |       |     2 |     5 |    23 |    40 |    15 ||    85
    Use: Scroll            |     4 |     1 |     6 |     9 |     9 |    12 ||    41
         Potion            |       |     3 |     3 |     5 |    10 |    22 ||    43
   Stab: Sleeping          |     6 |    10 |    15 |    13 |    46 |    67 ||   157
         Distracted        |       |       |     1 |     2 |     7 |     7 ||    17
         Confused          |       |       |     4 |    33 |    67 |   100 ||   204
         Invisible         |       |       |       |     3 |     2 |       ||     5
         Held in net/web   |       |       |       |       |     6 |     8 ||    14
         Petrified         |       |       |       |       |     1 |       ||     1
 Armour: Robe              |     7 |    29 |    67 |     5 |       |       ||   108
         Leather armour    |    39 |     7 |       |       |       |       ||    46
         Steam dragon scal |       |       |       |   218 |    40 |       ||   258
         Animal skin       |       |       |       |       |   243 |   407 ||   650
         Skin              |       |       |       |       |       |    13 ||    13
  Dodge: Dodged            |    51 |    38 |    78 |   206 |   505 |   568 ||  1446
  Block: Buckler           |       |       |       |       |       |   142 ||   142
   Form: Beast             |     1 |       |       |       |       |       ||     1
                           |       |       |     1 |       |       |       ||     1

Table legend: (Time is in decaauts)
 A = Elapsed time spent in this place.
 B = Non-inter-level travel time spent in this place.
 C = Inter-level travel time spent in this place.
 D = Time resting spent in this place.
 E = Time spent auto-exploring this place.
 F = Levels seen in this place.
 G = Mean time per level.
                   A        B        C        D        E       F      G
               +--------+--------+--------+--------+--------+-----+--------+
         Total |  35090 |  33624 |   1466 |  10077 |  14888 |  28 | 1253.2 |
       Dungeon |  17046 |  16229 |    817 |   3075 |   9635 |  15 | 1136.4 |
          Lair |   8904 |   8533 |    371 |   2688 |   3663 |   5 | 1780.8 |
     Snake Pit |   5699 |   5578 |    121 |   3268 |    685 |   4 | 1424.8 |
  Orcish Mines |   2043 |   1887 |    156 |    519 |    639 |   2 | 1021.5 |
       Ossuary |    270 |    270 |      0 |     70 |     36 |   1 |  270.0 |
      Ice Cave |   1124 |   1124 |      0 |    456 |    229 |   1 | 1124.0 |
               +--------+--------+--------+--------+--------+-----+--------+

Top non-repeatable levels by time:
  Lair:5: 2751 daAuts
  Lair:1: 2523 daAuts
     D:8: 2050 daAuts
 Snake:1: 2049 daAuts
    D:12: 1636 daAuts
    D:14: 1634 daAuts
 Snake:3: 1618 daAuts
    D:10: 1583 daAuts
    D:15: 1407 daAuts
     D:9: 1344 daAuts
  Lair:2: 1333 daAuts
  Lair:4: 1322 daAuts
 Snake:2: 1261 daAuts
     D:1: 1140 daAuts
   IceCv: 1124 daAuts
